 Dungeon Crawl Stone Soup version 0.28-a0-1292-gb4563b27b3 (webtiles) character file.

Game seed: 12400152158551285823

419 Astera the Magician (level 6, -3/32 HPs)
             Began as a Deep Elf Air Elementalist on Dec 25, 2021.
             Was an Initiate of Yredelemnul.
             Slain by Edmund (12 damage)
             ... on level 5 of the Dungeon on Dec 27, 2021.
             The game lasted 00:19:40 (5350 turns).

Astera the Magician (Deep Elf Air Elementalist)     Turns: 5350, Time: 00:19:41

Health: -3/32      AC:  2    Str:  5    XL:     6   Next: 62%
Magic:  14/15      EV: 17    Int: 22    God:    Yredelemnul [......]
Gold:   297        SH:  0    Dex: 15    Spells: 11/14 levels left

rFire   . . .      SeeInvis .   y - +0 demon blade (vamp)
rCold   . . .      Faith    .   (no shield)
rNeg    + . .      Spirit   .   a - +0 robe
rPois   .          Reflect  .   (no helmet)
rElec   .          Harm     .   (no cloak)
rCorr   .          Rampage  .   (no gloves)
Will    .....                   (no boots)
Stlth   +++.......              m - amulet of the acrobat
HPRegen 0.10/turn               q - +4 ring of evasion
MPRegen 0.14/turn               x - ring of positive energy

@: no status effects
A: no striking features
a: Renounce Religion, Recall Undead Harvest


You were on level 5 of the Dungeon.
You worshipped Yredelemnul.
Yredelemnul was noncommittal.
You visited 1 branch of the dungeon, and saw 5 of its levels.

You collected 297 gold pieces.

Inventory:

Hand Weapons
 d - a +0 quarterstaff
 v - a +2 dagger of venom
 y - a +0 vampiric demon blade (weapon)
Armour
 a - a +0 robe (worn)
 l - a +1 ring mail of cold resistance
Jewellery
 m - an amulet of the acrobat (around neck)
 q - a +4 ring of evasion (left hand)
 x - a ring of positive energy (right hand)
Wands
 r - a wand of iceblast (8)
Scrolls
 e - a scroll of silence
 n - a scroll of vulnerability {unknown}
 o - a scroll of magic mapping {unknown}
 s - a scroll of noise {unknown}
 u - a scroll of blinking {unknown}
 w - 3 scrolls of identify {unknown}
Potions
 b - 2 potions of resistance {unknown}
 c - 3 potions of curing {unknown}
 f - a potion of haste {unknown}
 g - a potion of mutation {unknown}
 h - a potion of flight {unknown}
 i - a potion of lignification {unknown}
 j - 2 potions of ambrosia {unknown}
 p - a potion of attraction {unknown}
 t - 3 potions of might {unknown}
 z - a potion of brilliance {unknown}


   Skills:
 + Level 0.0 Long Blades
 + Level 4.3 Dodging
 + Level 4.7 Stealth
 + Level 4.9 Spellcasting
 + Level 3.3 Conjurations
 + Level 4.2 Air Magic


You had 11 spell levels left.
You knew the following spells:

 Your Spells              Type           Power      Damage    Failure   Level
a - Shock                 Conj/Air       88%        1d8       2%          1
b - Static Discharge      Conj/Air       22%        N/A       3%          2

Your spell library contained the following spells:

 Spells                   Type           Power      Damage    Failure   Level
 Foxfire                  Conj/Fire      48%        2x1d6     4%          1
 Swiftness                Air            24%        N/A       5%          3
 Conjure Flame            Conj/Fire      12%        6-21      16%         3
 Airstrike                Air            12%        N/A       17%         4
 Inner Flame              Hex/Fire       5%         N/A       30%         3
 Flame Wave               Conj/Fire      12%        2d5       45%         4
 Cause Fear               Hex            2%         N/A       71%         4
 Discord                  Hex            2%         N/A       100%        8


Dungeon Overview and Level Annotations

Branches:
Dungeon (5/15)             Temple (0/1) D:5

Altars:
Yredelemnul

Annotations:
D:5 Edmund


Message History

i - a bubbling brown potion Edmund the Younger comes into view.
He is wielding a +1 dire flail of holy wrath.
Edmund shouts!
Edmund moves out of view.
Edmund is nearby!
You closely miss Edmund. Edmund barely misses you.
You slash Edmund!
Edmund is lightly wounded.
Edmund misses you. Edmund closely misses you.
You barely miss Edmund.
Edmund is lightly wounded.
Edmund misses you.
You closely miss Edmund.
Edmund is lightly wounded.
Edmund hits you with a +1 dire flail of holy wrath!
Your adder zombie bites Edmund.
You barely miss Edmund.
Edmund is moderately wounded.
Edmund hits you with a +1 dire flail of holy wrath.
Your adder zombie misses Edmund.
Edmund hits you with a +1 dire flail of holy wrath.
* * * LOW HITPOINT WARNING * * *
You are too injured to fight recklessly!
Casting: Shock (safe; 2% risk of failure)
Confirm with . or Enter, or press ? or * to list all spells.
Really attack your adder zombie?
Okay, then.
Unknown command.
Casting: Static Discharge (safe; 3% risk of failure)
Confirm with . or Enter, or press ? or * to list all spells.
Aiming: Shock (safe; 2% risk of failure)
Press: ? - help, Shift-Dir - straight line The zap hits Edmund.
Edmund is moderately wounded.
The zap hits Edmund.
Edmund is moderately wounded.
Your adder zombie bites Edmund.
Edmund hits you with a +1 dire flail of holy wrath!
You die...
Your body rises from the dead as a mindless zombie.

#..#...........#......
########..#.#.#.#.##.........
............#.#.#....#.....##
########.............#.....#
#..##.#.>.#.#.....###
#.....#...#.#)##..#
#..#....#.........#
#..#.##.#.##.#....#
#....@Z....(.#...##
#..#.#@#.##....#.# #$.#.#?#
..##.#.# #....... .[. ....#
#........######### ##########


You could see Edmund (ally target) and a friendly adder zombie.

Vanquished Creatures
  A phantom (D:4)
  A hound (D:5)
  3 bullfrog skeletons
  A jelly (D:4)
  An iguana (D:4)
  A hound skeleton (D:4)
  5 adders
  A worm (D:2)
  2 dart slugs (D:1)
  An orc (D:5)
  10 ball pythons
  3 bats
  4 endoplasms
  5 giant cockroaches
  3 goblins
  10 hobgoblins
  2 quokkas (D:1)
  11 frilled lizards
  2 kobolds
  A quokka skeleton (D:4)
  2 rats
70 creatures vanquished.

Vanquished Creatures (collateral kills)
  Ijyb (D:5)
  An adder (D:2)
  A worm (D:2)
  A dart slug (D:1)
  A bat (D:2)
  2 endoplasms (D:2)
  2 goblins
  2 frilled lizards (D:1)
11 creatures vanquished.

Vanquished Creatures (others)
  A ball python zombie (D:4)
  A goblin zombie (D:4)
  A rat zombie (D:2)
  A spectral endoplasm (D:4)
4 creatures vanquished.

Grand Total: 85 creatures vanquished

Notes
Turn   | Place    | Note
-------+----------+-------------------------------------------
     0 | D:1      | Astera the Deep Elf Air Elementalist began the quest for
                  | the Orb.
     0 | D:1      | Reached XP level 1. HP: 10/10 MP: 6/6
   107 | D:1      | Upgraded the game from 0.28-a0-1235-g7c8fac35f0 to
                  | 0.28-a0-1241-gf280a0fbb2
   115 | D:1      | Reached XP level 2. HP: 15/15 MP: 4/8
   115 | D:1      | Found a faded altar of an unknown god.
   126 | D:1      | Prayed at the altar of an unknown god.
   126 | D:1      | Became a worshipper of Yredelemnul the Dark
   126 | D:1      | Reached * piety under Yredelemnul
   376 | D:1      | Learned a level 2 spell: Static Discharge
   390 | D:1      | Reached ** piety under Yredelemnul
   619 | D:1      | Reached XP level 3. HP: 19/19 MP: 7/9
  1417 | D:2      | Upgraded the game from 0.28-a0-1241-gf280a0fbb2 to
                  | 0.28-a0-1292-gb4563b27b3
  2172 | D:2      | Reached XP level 4. HP: 18/24 MP: 7/11
  2418 | D:2      | Found a basalt altar of Yredelemnul.
  3795 | D:4      | Noticed a phantom
  3823 | D:4      | Reached XP level 5. HP: 24/28 MP: 4/13
  3826 | D:4      | Killed a phantom
  4301 | D:5      | Entered Level 5 of the Dungeon
  4364 | D:5      | Noticed an ice beast
  4582 | D:4      | Reached XP level 6. HP: 15/32 MP: 11/14
  5260 | D:5      | Noticed Ijyb
  5272 | D:5      | Killed Ijyb
  5317 | D:5      | Found a staircase to the Ecumenical Temple.
  5342 | D:5      | Noticed Edmund
  5350 | D:5      | Slain by Edmund

Illustrated notes

Levels and vault maps discovered:
D:1:      arrival_zaba_pyramid, layout_loops_ring,
          ebering_ecumenical_altar_sacrificial, minmay_lizard_pond
D:2:      layout_basic, basic_altar
D:3:      layout_loops_ring, minmay_goblin_kobold_house
D:4:      layout_cave_pools, dk_noncrumbling_4
D:5:      layout_basic, minmay_temple_entry_ruins,
          lightli_ossuary_entry_decrepit_ruins, uniq_edmund, uniq_ijyb

Skill      XL: |  1  2  3  4  5 |
---------------+----------------+-----
Stealth        | 3 4 |  4.7
Dodging        | 3 4 |  4.3
Conjurations   | 2 3 |  3.3
Spellcasting   | 4 |  4.9
Air Magic      | 4 |  4.2

Action                   |  1- 3 |  4- 6 || total
-------------------------+-------+-------++-------
Melee: Unarmed           |     2 |       ||     2
       Quarterstaff      |     7 |     6 ||    13
       Demon blade       |       |    33 ||    33
 Cast: Shock             |    70 |    89 ||   159
       Static Discharge  |       |     1 ||     1
  Use: Scroll            |       |     4 ||     4
 Stab: Sleeping          |       |     2 ||     2
Armor: Robe              |       |     6 ||     6
Dodge: Dodged            |    14 |    61 ||    75

Table legend: (Time is in decaauts)
 A = Elapsed time spent in this place.
 B = Non-inter-level travel time spent in this place.
 C = Inter-level travel time spent in this place.
 D = Time resting spent in this place.
 E = Time spent auto-exploring this place.
 F = Levels seen in this place.
 G = Mean time per level.
                   A        B        C        D        E       F      G
               +--------+--------+--------+--------+--------+-----+--------+
         Total |   5371 |   5074 |    297 |   1695 |   1846 |   5 | 1074.2 |
       Dungeon |   5371 |   5074 |    297 |   1695 |   1846 |   5 | 1074.2 |
               +--------+--------+--------+--------+--------+-----+--------+

Top non-repeatable levels by time:
     D:1: 1392 daAuts
     D:2: 1242 daAuts
     D:4: 1236 daAuts
     D:3: 1026 daAuts
     D:5: 472 daAuts
